Cogmind - Beta 13 @@@ ROGUE MODE // 2024.07.05 @ 18:58:59 Player: Minty Result: Destroyed by S0-CXE(R) with Subdweller Machine Gun Performance ------------- Evolutions (0) 0 Regions Visited (2) 400 Robots Destroyed (18) 90 Value Destroyed (467) 467 Prototype IDs (0) 0 Alien Tech Used (0) 0 Bonus (0) 0 TOTAL SCORE: 957 Bonus ------- None Cogmind --------- Core Integrity 0/250 Matter 210/300 Energy 62/100 System Corruption 0% Temperature Cool (0) Movement Rolling (100) Location -10/Subcaves Parts ------- > --- POWER (1) -------- (None) > --- PROPULSION (2) --- Compact Wheel Compact Wheel > --- UTILITY (2) ------ Medium Storage Unit Structural Scanner > --- WEAPON (2) ------- Subdweller Laser > --- INVENTORY (10) --- Ion Engine Cobbler Unit Makeshift Laser Subdweller Machine Gun Piercing Trap Peak State ------------ > --- POWER ------------ Makeshift Power Source > --- PROPULSION ------- Aluminum Leg Aluminum Leg > --- UTILITY ---------- Medium Storage Unit Structural Scanner > --- WEAPON ----------- Battle Cannon Battle Cannon > --- INVENTORY -------- Ion Engine Ion Engine Compact Wheel Compact Wheel Assault Rifle Assault Rifle Light Assault Rifle Subdweller Machine Gun Mining Laser Piercing Trap [Rating: 13] Favorites ----------- Power Ion Engine Engine Ion Engine Propulsion Aluminum Leg Leg Aluminum Leg Wheel Compact Wheel Utility Structural Scanner Device Structural Scanner Storage Medium Storage Unit Weapon Battle Cannon Energy Gun Small Laser Ballistic Gun Assault Rifle Ballistic Cannon Battle Cannon Special Weapon Mining Laser Build | -11 -10 -10 ------- Run | Yrd Mat Sub Slots Evolved . | . . . Power . | . . . Propulsion . | . . . Utility . | . . . Weapon . | . . . Parts Attached 16 | . 7 9 Power 1 | . . 1 Engine 1 | . . 1 Core . | . . . Reactor . | . . . Propulsion 2 | . . 2 Treads . | . . . Leg . | . . . Wheel 2 | . . 2 Hover . | . . . Flight . | . . . Utility 2 | . 2 . Device 1 | . 1 . Storage 1 | . 1 . Processor . | . . . Hackware . | . . . Protection . | . . . Artifact . | . . . Weapon 11 | . 5 6 Energy Gun 1 | . . 1 Energy Cannon . | . . . Ballistic Gun 5 | . 4 1 Ballistic Cannon 4 | . . 4 Launcher . | . . . Special Weapon 1 | . 1 . Impact Weapon . | . . . Slashing Weapon . | . . . Piercing Weapon . | . . . Special Melee Weapon . | . . . Unidentified Prototypes . | . . . Parts Lost 6 | . . 6 Power 1 | . . 1 Propulsion 2 | . . 2 Utility . | . . . Weapon 3 | . . 3 Highest Loss Streak 6 | . . 6 To Critical Strikes . | . . . Average Slot Usage (%) 96 | . 93 99 Engine 13 | . 14 13 Leg 27 | . 28 26 Device 11 | . 7 14 Storage 14 | . 14 14 Ballistic Gun 11 | . 26 . Ballistic Cannon 15 | . . 26 Naked Turns . | . . . Heaviest Build 22 | 12 20 22 Greatest Support 20 | 20 20 20 Greatest Overweight (x) 1 | . . 1 Average Overweight (x) . | . . . Largest Inventory Capacity 10 | . 10 10 Average Capacity 9 | . 8 10 Most Carried 10 | . 9 10 Average Carried 8 | . 7 9 Final Capacity 10 | 8 10 10 Final Carried 9 | 6 9 6 Class Distribution -------------------- 100% | Mutant Dominant Class ---------------- Mutant | -10/Materials Mutant | -10/Subcaves Resources | -11 -10 -10 ----------- Run | Yrd Mat Sub Matter Collected 693 | 200 235 258 Remotely . | . . . Salvage Created 562 | . 358 204 Parts 35 | . 25 10 Haulers Intercepted . | . . . Recyclers Shooed 1 | . 1 . Parts Field Recycled . | . . . Retrieved Matter . | . . . Parts Self-Destructed 10 | . . 10 Prevented . | . . . Kills | -11 -10 -10 ------- Run | Yrd Mat Sub Combat Hostiles Destroyed 14 | . 7 7 Guns 8 | . 7 1 Cannons 6 | . . 6 Classes Destroyed 7 | . 5 2 Worker 1 | . 1 . Tunneler 1 | . 1 . Recycler 2 | . 2 . Swarmer 3 | . 3 . Grunt 6 | . 4 2 Cobbler 1 | . . 1 Subdweller 5 | . . 5 Best Kill Streak 3 | . 3 3 Combat Bots Only 3 | . 3 3 Max Kills in Single Turn 2 | . 2 1 Gunslinging . | . . . Exploded . | . . . Melee . | . . . Uniques/NPCs Destroyed . | . . . Combat | -11 -10 -10 -------- Run | Yrd Mat Sub Hostile Shots Fired 86 | . 28 58 Missed 24 | . 6 18 Damage Taken 1028 | . 223 805 Core 270 | . 47 223 Absorbed by Shields . | . . . Core Remaining (%) 100 | 100 . . Volleys Fired 65 | . 36 29 Largest 2 | . 2 2 Hottest 100 | . 100 99 Shots Fired 127 | . 71 56 Gun 72 | . 70 2 Cannon 54 | . . 54 Launcher . | . . . Special 1 | . 1 . Kinetic 117 | . 63 54 Thermal 10 | . 8 2 Explosive . | . . . Electromagnetic . | . . . Robot Hit Streak 16 | . 6 16 Robot Miss Streak 5 | . 5 2 Penetration Max . | . . . Secondary Targets . | . . . Shots Hit Robots 77 | . 44 33 Core Hits 29 | . 18 11 Critical Kills . | . . . Critical Parts Destroyed 1 | . 1 . Critical Strikes 3 | . 1 2 Destroy 1 | . 1 . Blast 2 | . . 2 Melee Attacks . | . . . Impact . | . . . Slashing . | . . . Piercing . | . . . Sneak Attacks . | . . . Combat Hostiles . | . . . Follow-up Attacks . | . . . Damage Inflicted 1194 | . 527 667 Guns 568 | . 527 41 Cannons 626 | . . 626 Explosions . | . . . Melee . | . . . Ramming . | . . . Kinetic 1111 | . 485 626 Thermal 83 | . 42 41 Explosive . | . . . Electromagnetic . | . . . Impact . | . . . Slashing . | . . . Piercing . | . . . Highest Corruption . | . . . Average Corruption . | . . . Corruption Purged . | . . . Corruption Blocked . | . . . Overload Shots . | . . . Overflow Damage . | . . . Projectiles . | . . . Explosions . | . . . Melee . | . . . Knockbacks 7 | . . 7 Impact . | . . . Kinetic 7 | . . 7 Secondary . | . . . Self-Inflicted Damage . | . . . Shots . | . . . Rammed . | . . . Targets Rammed . | . . . Kicked . | . . . Crushed . | . . . Highest Temperature 76 | . 76 18 Average Temperature 34 | . 35 13 Received Heat Transfer 237 | . 102 135 Siege Activations . | . . . Robots Corrupted . | . . . Combat Hostiles . | . . . Parts Fried . | . . . Impact Corruptions . | . . . Robots Melted . | . . . Combat Hostiles . | . . . Parts Melted . | . . . Heat Transferred 150 | . 100 50 Parts Sabotaged . | . . . Parts Stolen . | . . . Parts Stripped . | . . . Power Chain Reactions . | . . . Alert | -11 -10 -10 ------- Run | Yrd Mat Sub Peak Influence 220 | . 220 . Initial . | . . . Average 92 | . 92 . Maximum Alert Level 1 | . 1 . Low Security (%) 90 | . 90 . Level 1 9 | . 9 . Level 2 . | . . . Level 3 . | . . . Level 4 . | . . . Level 5 . | . . . High Security . | . . . Max Security . | . . . Squads Dispatched 2 | . 2 . Investigation 2 | . 2 . Extermination . | . . . Reinforcement . | . . . Assault . | . . . Garrison . | . . . Intercept . | . . . Searches Triggered . | . . . Construction Impeded . | . . . Haulers Reinforced . | . . . Active Scanning Responses . | . . . Cargo Convoy Interrupts . | . . . Stealth | -11 -10 -10 --------- Run | Yrd Mat Sub Distress Signals 1 | . 1 . Communications Jammed . | . . . Distress Signals . | . . . Times Spotted 25 | . 15 10 Peak Tracking Total 5 | . 5 3 Tactical Retreats 1 | . 1 . Traps | -11 -10 -10 ------- Run | Yrd Mat Sub Traps Triggered 1 | . 1 . Indirectly . | . . . Trap Hack Attempts . | . . . Triggered . | . . . Disarmed . | . . . Reprogrammed . | . . . Reused . | . . . Traps Extracted . | . . . Installed . | . . . Triggered 1 | . . 1 Most Traps Carried 1 | . . 1 Machines | -11 -10 -10 ---------- Run | Yrd Mat Sub Machines Disabled . | . . . Max in Single Turn . | . . . Machines Repaired . | . . . Machines Dismantled . | . . . Machines Sabotaged . | . . . Overloaded Fab Kills . | . . . Hacking | -11 -10 -10 --------- Run | Yrd Mat Sub Machines Accessed 1 | . 1 . Terminals 1 | . 1 . Fabricators . | . . . Repair Stations . | . . . Recycling Units . | . . . Scanalyzers . | . . . Garrison Access . | . . . Total Hacks 5 | . 5 . Successful 1 | . 1 . Failed 4 | . 4 . Catastrophic 1 | . 1 . Database Lockouts . | . . . Manual 2 | . 2 . Terminals 5 | . 5 . Fabricators . | . . . Repair Stations . | . . . Recycling Units . | . . . Scanalyzers . | . . . Garrison Access . | . . . Terminal Hacks 1 | . 1 . Alert Level 1 | . 1 . Fabricator Hacks . | . . . Repair Station Hacks . | . . . Recycling Unit Hacks . | . . . Scanalyzer . | . . . Garrison Access Hacks . | . . . Unauthorized Hacks . | . . . Terminals . | . . . Fabricators . | . . . Repair Stations . | . . . Recycling Units . | . . . Scanalyzers . | . . . Garrison Access . | . . . Data Cores Recovered . | . . . Used . | . . . Hacking Detections 1 | . 1 . Full Trace Events 1 | . 1 . Feedback Events . | . . . Feedback Blocked . | . . . Robot Schematics Acquired . | . . . Robots Built . | . . . Authchips . | . . . Time . | . . . Total Robot Build Rating . | . . . Part Schematics Acquired . | . . . Parts Built . | . . . Authchips . | . . . Time . | . . . Total Part Build Rating . | . . . Parts Repaired . | . . . Time . | . . . Parts Recycled . | . . . Recycled Matter . | . . . Retrieved Matter . | . . . Retrieved Components . | . . . Parts Scanalyzed . | . . . Part Schematics Acquired . | . . . Parts Damaged . | . . . Bothacking | -11 -10 -10 ------------ Run | Yrd Mat Sub Used RIF Installer . | . . . Robots Hacked . | . . . Non-combat . | . . . Combat . | . . . Robot Hacks Applied . | . . . Relay Couplers Released . | . . . Fabnet Peak Effective % . | . . . Robots Rewired . | . . . Allies Hacked . | . . . Hacks Repelled . | . . . Allies | -11 -10 -10 -------- Run | Yrd Mat Sub Total Allies . | . . . Largest Group . | . . . Highest-Rated Group . | . . . Highest-Rated Ally . | . . . Total Orders . | . . . Ally Attacks . | . . . Total Damage . | . . . Kills . | . . . Allies Corrupted . | . . . Allies Melted . | . . . Intel | -11 -10 -10 ------- Run | Yrd Mat Sub Robot Analysis Total . | . . . Derelict Logs Recovered 1 | . . 1 Drone Launches . | . . . Drone Recoveries . | . . . Exploration | -11 -10 -10 ------------- Run | Yrd Mat Sub Turns Passed 1141 | . 504 637 Spaces Moved 604 | 1 319 284 Core . | . . . Treads . | . . . Legs 604 | 1 319 284 Wheels . | . . . Hover . | . . . Flight . | . . . Fastest Speed 120 | 120 120 120 Average Speed 151 | 120 120 186 Slowest Speed 190 | 120 120 190 Overloaded Moves . | . . . Propulsion Burnouts . | . . . Robots Hopped . | . . . Cave-ins Triggered . | . . . Exploration Rate (%) 20 | 2 40 20 Regions Visited 2 Branch Regions 1 Pre-discovered Areas . | . . . Known Exits Taken . | . . . Unknown Exits Taken 2 | 1 1 . Scrap Searched 5 | . . 5 Spaces Dug 1 | . 1 . Terrain Destroyed 3 | . 1 2 Melee . | . . . Projectile 3 | . 1 2 AOE . | . . . Terrain Rammed . | . . . Walls Destroyed . | . . . Machines Disabled . | . . . Actions | -11 -10 -10 --------- Run | Yrd Mat Sub Total 710 | . 367 343 Wait 3 | . 3 . Move 602 | . 318 284 Hop . | . . . Pick Up 9 | . 1 8 Fast Attach 3 | . 1 2 Attach 4 | . . 4 Detach 1 | . . 1 Swap 9 | . 6 3 Drop 14 | . 2 12 Fire 65 | . 36 29 Melee . | . . . Ram . | . . . Kick . | . . . Crush . | . . . Escape Stasis . | . . . Rewire . | . . . Trap . | . . . Miscellaneous . | . . . Route ------- -11/Scrapyard -10/Materials (discovered 4 exits: [*Mat x2] / [*Min] / [*Sub]) -10/Subcaves (discovered 1 exit: [*Mat]) History --------- Turn | Location | Event 1 | -11/Scrapyard | Discovered new exit (range 0) 1 | -11/Scrapyard | Entered Materials 69 | -10/Materials | Discovered new exit (range 7) 296 | -10/Materials | Discovered new exit (range 10) 301 | -10/Materials | Build established: Mutant 305 | -10/Materials | Discovered new exit (range 8) 434 | -10/Materials | Discovered new exit (range 7) 505 | -10/Materials | Entered Subcaves 527 | -10/Subcaves | Ambushed by Subdwellers from Twisted Machinery 703 | -10/Subcaves | Shifting Twisted Machinery released Sub. Beam Cannon 714 | -10/Subcaves | Discovered new exit (range 14) 863 | -10/Subcaves | Learned Materials interactive machine intel 881 | -10/Subcaves | Shifting Twisted Machinery released Scrap Shield 884 | -10/Subcaves | Shifting Twisted Machinery released Mak. System Restoration Module 1108 | -10/Subcaves | A Subdweller sparked back to life 1108 | -10/Subcaves | A Subdweller sparked back to life 1108 | -10/Subcaves | A Subdweller sparked back to life 1127 | -10/Subcaves | Core integrity fell below 50% 1138 | -10/Subcaves | Core integrity fell below 20% 1142 | -10/Subcaves | Destroyed by S0-CXE(R) with Subdweller Machine Gun Last Messages --------------- 01108_ 90-3SJ(R) creaks and sparks as it begins to move. 01108_ CT-UX0(R) creaks and sparks as it begins to move. 01108_ 0L-Y72(R) creaks and sparks as it begins to move. 01109_ Acquired 10 matter. 01109_ Aluminum Leg fries itself beyond repair. 01111_ Aluminum Leg destroyed. 01111_ 90-3SJ(R) destroyed. 01112_ Acquired 8 matter. 01113_ Battle Cannon destroyed. 01114_ CT-UX0(R) knocked back. 01121_ Aluminum Leg destroyed. 01123_ CT-UX0(R) affixes Scrap Shield Fragment to Scrap Shield. 01123_ CT-UX0(R) knocked back. 01132_ 4C-LBK(R) affixes Scrap Shield Fragment to Scrap Shield. 01133_ Mak. Power Source destroyed. 01134_ Battle Cannon destroyed. 01134_ CT-UX0(R) knocked back. 01137_ Destroyed Scrap Shield. 01140_ CT-UX0(R) destroyed. 01141_ Battle Cannon destroyed. Map ----- +----------------------------------------------------+ | ?????"##"### ""! ##??????????????????? | | ?########### ##### ###??????????????????? | | ?###########%###### #### ###??????????????????? | | ? # ## ##%####### ##### ###??????????????????? | | ?## "" !* ## ######## ##??????????????????? | | ?## """=&&=% ####### ###??????????????????? | | ? # #*%=[% ###### ######??????????????????? | | ? ?### %* ##### ######???????????????????? | | ?????###[ | #### #####????????????????????? | | ?????### % #### ####????????????????????? | | ?????### ## ##????????????????????? | | ?????## ### ?????????????????? | | ?????######## % ## ######" ????????????????? | | ?????######## ## # ## ###????????????? | | ???????###### ## # #####???????????? | | ???????## ## " " ###???????????? | | ???????### %## # # ##???????????? | | ???????#### ##???????????? | | ????????#### # ####???????????? | | ?????????### # ## ##????????????? | | ?????????## ######## ###????????????? | | ?????????### ## #######? ###??????????? | | ????????? ######## ########??? ##??????????? | | ?????????? ############[ #<% !## ##??????????? | | ????????????????######### =R&< ##??????????? | | ?????????????????????####@ % ###??????????? | | ??????????????????????## R # ##???????????? | | ??????????????????????### %%<### ? ##???????????? | | ??????????????????????#### %&<### ???????????????? | | ???????????????????????####%%###?????????????????? | | ?????????????????????????## = #??????????????????? | | ???????????????????????????"R% ????????????????? | | ??????????????????????????? "### ????????????????? | | ??????????????????????????? "### ????????????????? | | ???????????????????????????"###??????????????????? | | ???????????????????????????""#???????????????????? | | ?????????????????????????????????????????????????? | | ?????????????????????????????????????????????????? | | ?????????????????????????????????????????????????? | | ?????????????????????????????????????????????????? | | ?????????????????????????????????????????????????? | | ?????????????????????????????????????????????????? | | ?????????????????????????????????????????????????? | | ?????????????????????????????????????????????????? | | ?????????????????????????????????????????????????? | | ?????????????????????????????????????????????????? | | ?????????????????????????????????????????????????? | | ?????????????????????????????????????????????????? | | ?????????????????????????????????????????????????? | | ?????????????????????????????????????????????????? | +----------------------------------------------------+ Best States ------------- Heat Dissipation 25 Energy Generation 15 Energy Capacity 250 Matter Stores 300 Matter Capacity 300 Sight Range 16 Terrain Scan Density 10 Evasion (%) 55 Item Schematics ----------------- None Robot Schematics ------------------ None Fabricated ------------ Nothing Alien Tech Used ----------------- None Achievements -------------- None Challenges ------------ None Game ------ Seed DerelictNeutronBlaster Manual? 0 Play Time 00:07:16 Cumulative 783.8 hours Start 2024.07.05 @ 18:51:46 End 2024.07.05 @ 18:58:59 Sessions 1 Manual Loads 0 Difficulty Rogue Special Mode None Game No. 901 Rogue 623 Adventurer 124 Explorer 154 Win Type - Total 31 Types 25/0/4/1/0/0/0/1/0 Lore% 84 Gallery% 92 Achievement% 77 Wizard Run 0 Options --------- Layout 0 ASCII 1 Keyboard 1 Movement Numpad Keybinds 0 Fullscreen 2 Font 18/Smallcaps Map View 76x50 Zoom Use 0% Tactical HUD 1 Map Filters NONE Filters NONE Steam 1 RUN: 501f7210-f9eb-4daf-b5d6-3cd05a818d2c